 Dungeon Crawl Stone Soup version 0.29-a0-299-g4c793a2ed2 (webtiles) character file.

Game seed: 12566575543061599970

13982 Dabor the Cleaver (level 12, -17/112 HPs)
             Began as a Hill Orc Monk on Mar 24, 2022.
             Demolished by a komodo dragon (19 damage)
             ... on level 12 of the Dungeon.
             The game lasted 00:22:04 (14122 turns).

Dabor the Cleaver (Hill Orc Monk)                  Turns: 14122, Time: 00:22:04

Health: -17/112    AC: 13    Str: 19    XL:     12   Next: 11%
Magic:  12/12      EV: 15    Int: 13    God:
Gold:   648        SH:  0    Dex: 13    Spells: 11/11 levels left

rFire   . . .      SeeInvis .   A - +12 hunting sling of Patience {venom, Will+ Int+3}
rCold   . . .      Faith    .   d - orb {mayhem}
rNeg    . . .      Spirit   .   C - +0 troll leather armour
rPois   +          Reflect  .   J - +0 helmet
rElec   .          Harm     .   r - +2 cloak {rCorr}
rCorr   +          Rampage  .   s - +0 pair of gloves
Will    +....                   i - +0 pair of boots
Stlth   ++........              K - amulet of magic regeneration
HPRegen 1.08/turn               c - ring of poison resistance
MPRegen 0.53/turn               f - ring of resist corrosion

@: no status effects
A: no striking features
a: no special abilities


You were on level 12 of the Dungeon.
You visited 2 branches of the dungeon, and saw 13 of its levels.

You collected 648 gold pieces.

Inventory:

Hand Weapons
 q - the +8 mace "Ziug" {vorpal, rF+ rCorr}
   (You found it on level 3 of the Dungeon)

   It inflicts extra damage upon your enemies.
   rF:        It protects you from fire.
   rCorr:     It protects you from acid and corrosion.
 A - the +12 hunting sling of Patience (weapon) {venom, Will+ Int+3}
   (You found it on level 5 of the Dungeon)

   Any ammunition fired from it poisons the flesh of those it strikes.
   Int:       It affects your intelligence (+3).
   Will:      It increases your willpower.
Missiles
 a - 3 silver javelins
 v - 4 datura-tipped darts
 F - 6 javelins
Armour
 d - an orb of mayhem (worn)
 i - a +0 pair of boots (worn)
 o - a +0 chain mail
 r - a +2 cloak of preservation (worn)
 s - a +0 pair of gloves (worn)
 C - a +0 troll leather armour (worn)
 J - a +0 helmet (worn)
Jewellery
 c - a ring of poison resistance (left hand)
 f - a ring of resist corrosion (right hand)
 w - the ring of Ywoyrph {Fire Stlth+}
   (You found it on level 4 of the Dungeon)

   [ring of fire]

   It enhances your fire magic.
   rF:        It protects you from fire.
   rC:        It makes you vulnerable to cold.
   Stlth:     It makes you more stealthy.
 K - an amulet of magic regeneration (around neck)
Wands
 D - a wand of iceblast (5)
 H - a wand of polymorph (8)
 I - a wand of flame (5)
 M - a wand of mindburst (6)
Scrolls
 e - 6 scrolls of teleportation
 g - 2 scrolls of blinking {unknown}
 k - 4 scrolls of enchant weapon
 l - a scroll of immolation
 n - a scroll of brand weapon
 p - a scroll of enchant armour
 t - 3 scrolls of amnesia
 x - 11 scrolls of identify
 y - a scroll of fog
 E - a scroll of silence
 G - a scroll of vulnerability {unknown}
 L - 3 scrolls of magic mapping {unknown}
 O - a scroll of holy word {unknown}
Potions
 b - 5 potions of brilliance
 h - 3 potions of flight {unknown}
 j - 2 potions of curing {unknown}
 m - a potion of heal wounds
 u - a potion of degeneration {unknown}
 z - a potion of might {unknown}
 B - a potion of mutation {unknown}
 N - a potion of invisibility {unknown}


   Skills:
 + Level 11.9 Fighting
 - Level 12.7 Axes
 + Level 3.2 Throwing
 + Level 10.3 Armour
 + Level 8.4 Dodging
 - Level 1.5 Stealth
 + Level 1.1 Evocations


You had 11 spell levels left.
You didn't know any spells.
Your spell library contained the following spells:

 Spells                   Type           Power      Damage    Failure   Level
 Slow                     Hex            0%         N/A       34%         1
 Ensorcelled Hibernation  Hex/Ice        0%         N/A       47%         2
 Passwall                 Tmut/Erth      0%         N/A       47%         2
 Confusing Touch          Hex            0%         N/A       71%         3
 Swiftness                Air            0%         N/A       71%         3
 Vampiric Draining        Necr           0%         2d6       71%         3
 Iskenderun's Battlesphe  Conj           0%         2d6       100%        5
 Iron Shot                Conj/Erth      0%         9d1       100%        6
 Spellforged Servitor     Conj/Summ      0%         N/A       100%        7


Dungeon Overview and Level Annotations

Branches:
Dungeon (12/15)            Temple (1/1) D:4            Lair (0/6) D:8
    Orc: D:9-12

Altars:
Ashenzari
Cheibriados
Dithmenos
Elyvilon
Fedhas
Gozag
Hepliaklqana
Kikubaaqudgha
Makhleb
Nemelex Xobeh
Okawaru
Qazlal
Ru
Sif Muna
Trog
Uskayaw
Vehumet
Wu Jian
Xom
Yredelemnul
Zin
The Shining One

Shops:
D:6 *   D:8 ?   D:10 :


Message History

You kill the yak!
The komodo dragon flies into a frenzy!
The komodo dragon bites you!
The yak gores the yak!!
The yak dies!
The komodo dragon bites you!! The yak gores you.
Your Evocations skill increases to level 1!
Fire: A) +12 hunting sling of Patience {venom, Will+ Int+3}
Press: ? - help, Q - select action, (/) - cycle Shift-Dir - straight line, f - yak
Aim: a yak (almost dead, fast, strong, frenzied and insane, not watching you, poisoned, 80% to hit)
You shoot a sling bullet. The sling bullet barely misses the yak.
The komodo dragon bites the yak.
The yak closely misses you.
The komodo dragon bites the yak!!
The yak dies!
Fire: A) +12 hunting sling of Patience {venom, Will+ Int+3}
Press: ? - help, Q - select action, (/) - cycle Shift-Dir - straight line, f - komodo dragon
Aim: a komodo dragon (lightly wounded, fast, strong, frenzied and insane, unaware, 77% to hit)
You shoot a sling bullet.
The sling bullet hits the komodo dragon.
The komodo dragon is poisoned.
The komodo dragon is lightly wounded.
The komodo dragon closely misses you. The komodo dragon barely misses you.
Fire: A) +12 hunting sling of Patience {venom, Will+ Int+3}
Press: ? - help, Q - select action, (/) - cycle Shift-Dir - straight line, f/p - komodo dragon
Aim: a komodo dragon (lightly wounded, fast, strong, frenzied and insane, very poisoned, 77% to hit)
You shoot a sling bullet.
The sling bullet hits the komodo dragon!
The komodo dragon looks as sick as possible!
The komodo dragon is heavily wounded.
The komodo dragon closely misses you. The komodo dragon bites you!!!
* * * LOW HITPOINT WARNING * * *
The komodo dragon barely misses you.
Fire: A) +12 hunting sling of Patience {venom, Will+ Int+3}
Press: ? - help, Q - select action, (/) - cycle Shift-Dir - straight line, f/p - komodo dragon
Aim: a komodo dragon (heavily wounded, fast, strong, frenzied and insane, extremely poisoned, 77% to hit)
You shoot a sling bullet.
The sling bullet barely misses the komodo dragon.
The komodo dragon bites you!!
* * * LOW HITPOINT WARNING * * *
The komodo dragon bites you!!
You die...

# #. #.###
#....# #.....##
#..:...#
#......###
#.....†@.#
#.....l.....:<#
.............>..
..............(.
................
...............#
..........#...##
.............##


You could see a neutral komodo dragon (fast, strong, insane, extremely
poisoned).

Vanquished Creatures
  A hydra (D:11)
  A centaur warrior (D:9)
  Erica (D:8)
  2 two-headed ogres
  Amaemon (D:10)
  An ugly thing (D:11)
  A manticore (D:10)
  An orange demon (D:10)
  5 kobold demonologists
  An efreet (D:11)
  4 trolls
  A hornet (D:9)
  Grinder (D:3)
  2 shadows
  3 wyverns
  4 yaks
  A vampire (D:10)
  3 steam dragons
  3 vampire mosquitoes (D:11)
  An acid dragon (D:9)
  5 water moccasins
  An orc warrior (D:9)
  A sky beast (D:8)
  4 black bears
  4 ice beasts
  An ogre (D:4)
  3 centaurs
  A bullfrog (D:6)
  4 kobold brigands (D:10)
  2 necrophages
  2 scorpions
  10 killer bees
  7 howler monkeys
  2 jellies
  3 hounds
  Crazy Yiuf (D:3)
  2 gnoll shamans
  Natasha (thrice) (D:3)
  3 iguanas
  6 orc wizards
  The ghost of iamserjio the Chopper, a weakling VSGl (D:3)
  13 adders
  14 gnolls
  2 white imps
  5 worms
  3 dart slugs
  25 orcs
  9 bats
  10 endoplasms
  4 giant cockroaches
  4 goblins
  8 hobgoblins
  4 jackals (D:3)
  5 quokkas
  6 ball pythons
  7 frilled lizards
  12 kobolds
  8 rats
243 creatures vanquished.

Vanquished Creatures (collateral kills)
  3 yaks (D:12)
3 creatures vanquished.

Vanquished Creatures (others)
  A plant (D:8)
  A withered plant (D:1)
2 creatures vanquished.

Grand Total: 248 creatures vanquished

Notes
Turn   | Place    | Note
-------+----------+-------------------------------------------
     0 | D:1      | Dabor the Hill Orc Monk began the quest for the Orb.
     0 | D:1      | Reached XP level 1. HP: 19/19 MP: 1/1
   321 | D:1      | Reached XP level 2. HP: 26/27 MP: 2/2
   701 | D:1      | Reached skill level 1 in Armour
   723 | D:1      | Found a faded altar of an unknown god.
   857 | D:1      | Reached XP level 3. HP: 33/33 MP: 3/3
  1592 | D:2      | Reached XP level 4. HP: 39/40 MP: 4/4
  2526 | D:3      | Reached skill level 5 in Axes
  2527 | D:3      | Reached XP level 5. HP: 31/47 MP: 5/5
  2920 | D:3      | Noticed Natasha
  2926 | D:3      | Killed Natasha
  2983 | D:3      | Noticed Natasha
  2993 | D:3      | Killed Natasha
  2994 | D:3      | Reached skill level 5 in Fighting
  2994 | D:3      | Reached XP level 6. HP: 8/56 MP: 6/6
  3263 | D:3      | Noticed Grinder
  3272 | D:3      | Killed Grinder
  3273 | D:3      | Reached skill level 6 in Axes
  3363 | D:3      | Found a runed translucent door.
  3364 | D:3      | Noticed Crazy Yiuf
  3461 | D:3      | Noticed iamserjio's ghost (weakling VSGl)
  3468 | D:3      | Found a transporter.
  3493 | D:3      | Reached XP level 7. HP: 61/61 MP: 7/7
  3691 | D:3      | Found a transporter.
  3744 | D:3      | Identified the +8 mace "Ziug" {vorpal, rF+ rCorr}
  3837 | D:3      | Killed Crazy Yiuf
  3894 | D:3      | Noticed Natasha
  3900 | D:3      | Killed Natasha
  3948 | D:3      | Killed iamserjio's ghost
  4221 | D:4      | Reached skill level 1 in Throwing
  4283 | D:4      | Found a staircase to the Ecumenical Temple.
  4475 | D:4      | Identified the ring of Ywoyrph {Fire Stlth+}
  5032 | Temple   | Entered the Ecumenical Temple
  5284 | D:5      | Entered Level 5 of the Dungeon
  5355 | D:5      | Identified the +12 hunting sling of Patience {venom, Will+
                  | Int+3}
  5419 | D:5      | Reached XP level 8. HP: 70/70 MP: 8/8
  5878 | D:5      | Reached skill level 7 in Axes
  5968 | D:6      | Reached skill level 5 in Armour
  6271 | D:6      | Found Goityod's Mayhem Merchandise.
  6353 | D:7      | Reached skill level 5 in Dodging
  6353 | D:7      | Reached XP level 9. HP: 77/79 MP: 9/9
  6406 | D:7      | Reached skill level 8 in Axes
  7031 | D:7      | Found a shimmering altar of Xom.
  7041 | D:7      | Found a stormy altar of Qazlal.
  7203 | D:7      | Reached skill level 9 in Axes
  7253 | D:8      | Noticed Erica
  7263 | D:8      | Killed Erica
  7435 | D:7      | Reached XP level 10. HP: 90/90 MP: 10/10
  7900 | D:8      | Found a staircase to the Lair.
  7947 | D:8      | Reached skill level 10 in Axes
  8318 | D:8      | Found Ifixij's Magic Scroll Emporium.
  9381 | D:9      | Found a radiant altar of Vehumet.
  9397 | D:9      | Noticed a centaur warrior
  9399 | D:9      | Found a runed translucent door.
  9418 | D:9      | Noticed a kobold demonologist
  9421 | D:9      | Noticed a kobold demonologist
  9430 | D:9      | Killed a kobold demonologist
  9434 | D:9      | Killed a kobold demonologist
  9612 | D:9      | Noticed a two-headed ogre
  9623 | D:9      | Killed a two-headed ogre
  9624 | D:9      | Reached skill level 10 in Fighting
  9624 | D:9      | Reached skill level 11 in Axes
 10369 | D:9      | Killed a centaur warrior
 10370 | D:9      | Reached XP level 11. HP: 77/101 MP: 11/11
 10684 | D:10     | Entered Level 10 of the Dungeon
 10799 | D:10     | Found Oradanah's Book Shop.
 11334 | D:10     | Noticed Amaemon
 11372 | D:10     | Killed Amaemon
 11594 | D:10     | Reached skill level 12 in Axes
 12330 | D:10     | Noticed a manticore
 12337 | D:10     | Killed a manticore
 12910 | D:11     | Noticed a brown ugly thing
 12933 | D:11     | Killed a brown ugly thing
 13542 | D:11     | Reached skill level 10 in Armour
 13576 | D:11     | Noticed an eight-headed hydra
 13631 | D:11     | HP: 1/102 [eight-headed hydra (5)]
 13632 | D:11     | Killed an eight-headed hydra
 13752 | D:11     | Noticed a two-headed ogre
 13760 | D:11     | Killed a two-headed ogre
 13761 | D:11     | Reached XP level 12. HP: 62/112 MP: 12/12
 14119 | D:12     | Reached skill level 1 in Evocations
 14122 | D:12     | HP: 2/112 [komodo dragon (23)]
 14122 | D:12     | Demolished by a komodo dragon

Illustrated notes

Levels and vault maps discovered:
D:1:      zelgadis_glass_arrival_small, layout_rooms,
          ebering_ecumenical_altar_petrified
D:2:      layout_basic
D:3:      minmay_razor_zed, layout_rooms, gammafunk_ghost_arena, serial_glass,
          glass_columns_a, glass_columns_a, due_unseen_surprise, uniq_grinder,
          uniq_natasha, uniq_crazy_yiuf_cottage
D:4:      layout_rooms, minmay_temple_entry_mist, serial_corexii_hall,
          chequers_hall_statues_wall_a, chequers_hall_statues_y
D:5:      layout_basic
D:6:      layout_rooms, minmay_shop_mayhem, grunt_ministairs_10
D:7:      layout_basic, nicolae_overflow_hidden_temple, minmay_misc_feat_square,
          roderic_roman_lattice
D:8:      layout_cave_pools, dpeg_oklobed_lair, serial_shops,
          nicolae_diamond_shop, uniq_erica
D:9:      layout_loops_corners, fiery_altar_vehumet, minmay_st_funbox,
          nicolae_fountain_basement
D:10:     layout_irregular_city, serial_shops, shop, kennysheep_generic_room_2,
          uniq_amaemon
D:11:     layout_gridville
D:12:     layout_rooms, orc_david_3, led_sif_book, uniq_jorgrun
Temple:   mainiacjoe_temple_bowtie_tessellation

Skill      XL: |  1  2  3  4  5  6  7  8  9 10 11 12 |
---------------+-------------------------------------+-----
Armour         | 1 2 3 4 5 7 9 10 | 10.3
Fighting       | 4 5 6 7 8 10 11 | 11.9
Dodging        | 3 4 5 6 7 8 |  8.4
Axes           | 5 6 7 9 11 12 | 12.7
Throwing       | 1 3 |  3.2
Evocations     | 1 |  1.1
Stealth        | |  1.5

Action                   |  1- 3 |  4- 6 |  7- 9 | 10-12 || total
-------------------------+-------+-------+-------+-------++-------
Melee: Hand axe          |    95 |   126 |    42 |       ||   263
       Punch             |     2 |     4 |     2 |       ||     8
       Mace              |       |       |    70 |    44 ||   114
       Hunting sling     |       |       |     2 |     9 ||    11
 Fire: Hunting sling     |       |       |   124 |   250 ||   374
Evoke: Wand              |       |       |       |    40 ||    40
  Use: Potion            |       |     3 |     1 |     6 ||    10
       Scroll            |       |       |     3 |     9 ||    12
Armor: Robe              |     3 |       |       |       ||     3
       Ring mail         |    20 |    38 |     5 |       ||    63
       Chain mail        |       |       |   127 |   257 ||   384
       Troll leather arm |       |       |       |    34 ||    34
Dodge: Dodged            |    49 |    77 |    89 |   243 ||   458

Table legend: (Time is in decaauts)
 A = Elapsed time spent in this place.
 B = Non-inter-level travel time spent in this place.
 C = Inter-level travel time spent in this place.
 D = Time resting spent in this place.
 E = Time spent auto-exploring this place.
 F = Levels seen in this place.
 G = Mean time per level.
                   A        B        C        D        E       F      G
               +--------+--------+--------+--------+--------+-----+--------+
         Total |  14474 |  13812 |    662 |   3340 |   8341 |  13 | 1113.4 |
       Dungeon |  14228 |  13597 |    631 |   3340 |   8136 |  12 | 1185.7 |
        Temple |    245 |    214 |     31 |      0 |    205 |   1 |  245.0 |
               +--------+--------+--------+--------+--------+-----+--------+

Top non-repeatable levels by time:
     D:9: 2251 daAuts
    D:10: 1903 daAuts
     D:3: 1704 daAuts
    D:11: 1616 daAuts
     D:2: 1230 daAuts
     D:8: 1222 daAuts
     D:1: 1189 daAuts
     D:7: 1012 daAuts
     D:4: 968 daAuts
     D:5: 666 daAuts
     D:6: 437 daAuts
  Temple: 245 daAuts
    D:12: 26 daAuts
